 Dungeon Crawl Stone Soup version 0.19-a0-559-ga3d69d0 (webtiles) character file.

37 ololoev the Firebug (level 3, 0/19 HPs)
             Began as a Deep Elf Fire Elementalist on June 8, 2016.
             Was an Initiate of Sif Muna.
             Succumbed to a worker ant's poison
             ... on level 4 of the Dungeon.
             The game lasted 00:05:19 (850 turns).

ololoev the Firebug (Deep Elf Fire Elementalist)     Turns: 850, Time: 00:05:19

Health: 0/19       AC:  4    Str:  4 (5)  XL:     3   Next: 23%
Magic:  1/9        EV: 13    Int: 17 (20) God:    Sif Muna [......]
Gold:   62         SH:  0    Dex: 13 (15) Spells: 3 memorised, 1 level left

rFire  . . .     SeeInvis .     (no weapon)
rCold  . . .     Gourm    .     a - +0 robe
rNeg   . . .     Faith    .     (no shield)
rPois  .         Spirit   .     j - +1 helmet (curse)
rElec  .         Dismiss  .     (no cloak)
rCorr  .         Reflect  .     (no gloves)
SustAt .         Harm     .     (no boots)
MR     .....                    (no amulet)
Stlth  ++........               (no ring)
                                g - ring of flight

@: lethally poisoned (0 -> -11), not resistant to hostile enchantments,
unstealthy
A: no striking features
a: Renounce Religion, Evoke Flight

Inventory:

Armour
 a - a +0 robe (worn)
 j - a cursed +1 helmet (worn)
Jewellery
 g - a ring of flight (left hand)
Scrolls
 f - a scroll of teleportation {unknown}
Potions
 i - a potion of heal wounds {unknown}
 k - a potion of cure mutation {unknown}
Books
 b - a book of Flames

   Spells                             Type                      Level
   a - Flame Tongue                   Conjuration/Fire             1
   b - Throw Flame                    Conjuration/Fire             2
   c - Conjure Flame                  Conjuration/Fire             3
   d - Inner Flame                    Hexes/Fire                   3
   e - Sticky Flame                   Conjuration/Fire             4
   f - Fireball                       Conjuration/Fire             5
Comestibles
 c - 4 bread rations


   Skills:
 - Level 2.4 Dodging
 - Level 2.4 Stealth
 + Level 3.3 Spellcasting
 * Level 2.7 Conjurations
 + Level 3.5 Fire Magic
 + Level 0.9 Invocations


You had one spell level left.
You knew the following spells:

 Your Spells              Type           Power        Failure   Level  Hunger
a - Flame Tongue          Conj/Fire      ##...        6%          1    None
b - Conjure Flame         Conj/Fire      ##......     17%         3    ###....
e - Inner Flame           Hex/Fire       #.......     24%         3    ###....


You were on level 4 of the Dungeon.
You worshipped Sif Muna.
Sif Muna was noncommittal.
You were not hungry.

You visited 1 branch of the dungeon, and saw 4 of its levels.

You collected 62 gold pieces.

#..........##
##...........###.#
#.............##.# #
#.............#..#####..
..............#..#......
.............##..#......
.............#..........
..............._..>.....
................@a......
............#...........
........................
.............>..........
.......................#
......................##
##...........#......###
##..<......##......#
###......## ......#

Notes
Turn   | Place    | Note
--------------------------------------------------------------
     0 | D:1      | ololoev the Deep Elf Fire Elementalist began the quest for the Orb.
     0 | D:1      | Reached XP level 1. HP: 10/10 MP: 6/6
    88 | D:2      | Reached XP level 2. HP: 15/15 MP: 2/8
   101 | D:2      | Found a basalt altar of Yredelemnul.
   101 | D:2      | Found a glowing golden altar of the Shining One.
   105 | D:2      | Found a deep blue altar of Sif Muna.
   110 | D:2      | Became a worshipper of Sif Muna the Loreminder
   126 | D:2      | Noticed Terence
   149 | D:2      | Noticed Natasha
   304 | D:2      | Found a burning altar of Makhleb.
   304 | D:2      | Found a shimmering altar of Xom.
   429 | D:3      | Reached XP level 3. HP: 19/19 MP: 2/9
   434 | D:3      | Learned a level 3 spell: Conjure Flame
   438 | D:3      | Learned a level 3 spell: Inner Flame
   535 | D:3      | Noticed Sigmund
   644 | D:3      | Found a faded altar of an unknown god.
   779 | D:4      | Found a snail-covered altar of Cheibriados.
   850 | D:4      | Succumbed to a worker ant's poison

Dungeon Overview and Level Annotations

Branches:
Dungeon (4/15)
 Temple: D:4-7

Altars:
Cheibriados
Makhleb
Sif Muna
Xom
Yredelemnul
The Shining One

Annotations:
D:2 Natasha, Terence
D:3 Sigmund


Message History

As you read the scroll labeled CIYG ESMAKK, it crumbles to dust.
It is a scroll of enchant armour.
Enchant which item? (? for menu, Esc to quit)
Your cursed +0 helmet glows green for a moment.
Casting: Flame Tongue
Confirm with . or Enter, or press ? or * to list all spells.
You can't see any susceptible monsters within range! (Use Z to cast anyway.)
Casting: Flame Tongue
Confirm with . or Enter, or press ? or * to list all spells.
Aiming: Flame Tongue
Press: ? - help, Shift-Dir - straight line, f - worker ant
Aim: a worker ant (resting)
The flame tongue hits the worker ant.
The worker ant appears unharmed.
The worker ant twitches its antennae in your direction.
Casting: Flame Tongue
Confirm with . or Enter, or press ? or * to list all spells.
Aiming: Flame Tongue
Press: ? - help, Shift-Dir - straight line, f/p - worker ant
Aim: a worker ant The flame tongue hits the worker ant.
The worker ant is moderately wounded.
The worker ant waves its antennae.
Casting: Flame Tongue
Confirm with . or Enter, or press ? or * to list all spells.
Aiming: Flame Tongue
Press: ? - help, Shift-Dir - straight line, f/p - worker ant
Aim: a worker ant (moderately wounded)
The flame tongue hits the worker ant.
The worker ant is heavily wounded.
The worker ant misses you.
Casting: Flame Tongue
Confirm with . or Enter, or press ? or * to list all spells.
Aiming: Flame Tongue
Press: ? - help, Shift-Dir - straight line, f/p - worker ant
Aim: a worker ant (heavily wounded)
The flame tongue misses the worker ant.
The worker ant bites you.
Casting: Flame Tongue
Confirm with . or Enter, or press ? or * to list all spells.
Aiming: Flame Tongue
Press: ? - help, Shift-Dir - straight line, f/p - worker ant
Aim: a worker ant (heavily wounded)
The flame tongue misses the worker ant.
The worker ant bites you.
Casting: Flame Tongue
Confirm with . or Enter, or press ? or * to list all spells.
Aiming: Flame Tongue
Press: ? - help, Shift-Dir - straight line, f/p - worker ant
Aim: a worker ant (heavily wounded)
The flame tongue hits the worker ant.
The worker ant appears unharmed.
The worker ant is heavily wounded.
The worker ant bites you! The worker ant closely misses you.
Casting: Flame Tongue
Confirm with . or Enter, or press ? or * to list all spells.
Aiming: Flame Tongue
Press: ? - help, Shift-Dir - straight line, f/p - worker ant
Aim: a worker ant (heavily wounded)
The flame tongue hits the worker ant.
The worker ant is severely wounded.
The worker ant barely misses you.
Casting: Flame Tongue
Confirm with . or Enter, or press ? or * to list all spells.
Aiming: Flame Tongue
Press: ? - help, Shift-Dir - straight line, f/p - worker ant
Aim: a worker ant (severely wounded)
The flame tongue hits the worker ant.
The worker ant is severely wounded.
The worker ant bites you but does no damage.
Casting: Flame Tongue
Confirm with . or Enter, or press ? or * to list all spells.
Aiming: Flame Tongue
Press: ? - help, Shift-Dir - straight line, f/p - worker ant
Aim: a worker ant (severely wounded)
The flame tongue hits the worker ant.
The worker ant is almost dead.
The worker ant bites you.
You are lethally poisoned!
The worker ant poisons you!
It was a potion of degeneration.
There was something very wrong with that liquid.
You feel weakened.
You feel dopey.
You feel clumsy.
You die...

You could see a worker ant.

Vanquished Creatures
  An ooze (D:2)
  2 dart slugs
  A giant gecko (D:2)
  3 orcs (D:3)
  4 bats
  A giant cockroach (D:1)
  A goblin (D:3)
  2 hobgoblins
  2 kobolds (D:2)
  2 quokkas
  A giant newt (D:3)
  4 rats
24 creatures vanquished.

Action                   || total
-------------------------++-------
Melee: Unarmed           ||     1
 Cast: Flame Tongue      ||    50
  Use: Scroll            ||     2
       Potion            ||     1
Armor: Robe              ||     3
Dodge: Dodged            ||     9

Vault maps used:
D:1:      tarquinn_simple_flora_water_d
D:2:      gammafunk_temple_overflow_elements, marbit_many_paths, minitemple,
          tgw_trog, grunt_temple_overflow_open, minmay_lizard_king,
          uniq_natasha, uniq_terence, uniq_iyjb
D:3:      first_bread, ecumenical_altar_1, uniq_grinder, uniq_robin,
          uniq_sigmund
D:4:      old_forge, overflow_temple_1_default, cheibriados_altar_1,
          kennysheep_generic_room_13, uniq_pikel
